 Dungeon Crawl Stone Soup version 0.31-a0-175-g9f7f995 (webtiles) character file.

Game seed: 18089789032022441496

675 Ayyar the Grasshopper (level 7, 0/56 HPs)
             Began as a Gnoll Warper on June 16, 2023.
             Was a Follower of Sif Muna.
             Slain by a sleepcap (6 damage)
             ... on level 5 of the Dungeon.
             The game lasted 00:19:31 (4325 turns).

Ayyar the Grasshopper (Gnoll Warper)                Turns: 4325, Time: 00:19:32

Health: 0/56       AC: 10    Str: 12    XL:     7   Next: 59%
Magic:  15/15      EV:  9    Int: 13    God:    Sif Muna [*.....]
Gold:   226        SH:  0    Dex: 11    Spells: 13/17 levels left

rFire   + + .        r - +0 trident
rCold   . . .        (no shield)
rNeg    . . .        w - +0 fire dragon scales
rPois   .            y - +0 hat
rElec   .            j - +0 cloak
rCorr   .            (no gloves)
SInv    +            (no boots)
Will    .....        (no amulet) Stlth
                     v - ring of protection from cold
HPRegen 0.29/turn    k - ring of see invisible
MPRegen 0.14/turn

%: no passive effects
@: no status effects
A: fangs 1, strong nose, distributed training
a: Renounce Religion, Channel Magic


You were on level 5 of the Dungeon.
You worshipped Sif Muna.
Sif Muna was aware of your devotion.
You visited 1 branch of the dungeon, and saw 5 of its levels.

You collected 226 gold pieces.

Inventory:

Hand Weapons
 o - a +0 halberd
 r - a +0 trident (weapon)
Missiles
 d - 6 boomerangs of dispersal
 n - a boomerang (quivered)
Armour
 f - a +1 scale mail of fire resistance
 j - a +0 cloak (worn)
 w - +0 fire dragon scales (worn)
 y - a +0 hat (worn)
Magical Staves
 t - a staff of cold
Jewellery
 b - a ring of poison resistance
 k - a ring of see invisible (right hand)
 l - a ring of positive energy
 s - a ring of ice
 v - a ring of protection from cold (left hand)
Scrolls
 c - 2 scrolls of blinking
 e - 2 scrolls of noise {unknown}
 h - a scroll of fog {unknown}
 i - 2 scrolls of identify {unknown}
 m - a scroll of enchant weapon {unknown}
 u - 2 scrolls of teleportation {unknown}
Potions
 a - a potion of heal wounds {unknown}
 g - a potion of mutation {unknown}
 p - a potion of might {unknown}
 q - a potion of haste {unknown}
 x - a potion of enlightenment {unknown}
 z - a potion of curing {unknown}


   Skills:
 + Level 5.3 Fighting
 + Level 2.7 Short Blades
 + Level 2.7 Long Blades
 + Level 2.7 Axes
 + Level 2.7 Maces & Flails
 + Level 5.3 Polearms
 + Level 2.7 Staves
 + Level 2.7 Ranged Weapons
 + Level 3.8 Throwing
 + Level 3.8 Armour
 + Level 5.3 Dodging
 + Level 2.7 Stealth
 + Level 2.7 Shields
 + Level 2.7 Unarmed Combat
 + Level 5.7 Spellcasting
 + Level 2.2 Conjurations
 + Level 2.2 Hexes
 + Level 2.2 Summonings
 + Level 2.2 Necromancy
 + Level 5.9 Translocations
 + Level 2.2 Transmutations
 + Level 2.2 Fire Magic
 + Level 2.2 Ice Magic
 + Level 2.2 Air Magic
 + Level 2.2 Earth Magic
 + Level 2.2 Poison Magic
 + Level 3.0 Invocations
 + Level 2.7 Evocations


You had 13 spell levels left.
You knew the following spells:

 Your Spells              Type           Power      Damage    Failure   Level
a - Summon Small Mammal   Summ           36%        N/A       43%         1
b - Teleport Other        Tloc           19%        N/A       30%         3

Your spell library contained the following spells:

 Spells                   Type           Power      Damage    Failure   Level
 Blink                    Tloc           38%        N/A       16%         2
 Lesser Beckoning         Tloc           38%        N/A       16%         2
 Kiss of Death            Conj/Necr      36%        2d8       43%         1
 Vhi's Electric Charge    Tloc/Air       28%        N/A       54%         3
 Manifold Assault         Tloc           19%        N/A       71%         4
 Call Canine Familiar     Summ           9%         N/A       82%         3
 Ozocubu's Armour         Ice            9%         N/A       82%         3
 Summon Guardian Golem    Hex/Summ       9%         N/A       82%         3
 Ozocubu's Refrigeration  Ice            4%         4d8       100%        7


Dungeon Overview and Level Annotations

Branches:
Dungeon (5/15)
 Temple: D:4-7

Altars:
Cheibriados
Kikubaaqudgha
Ru
Sif Muna
Trog

Shops:
D:3 =   D:5 *


Innate Abilities, Weirdness & Mutations

You have very sharp teeth.
Your uncanny sense of smell can sniff out nearby items.
Your experience applies equally to all skills.


Message History

The sleepcap is moderately damaged.
The sleepcap barely misses you.
You hit the sleepcap.
You bite the sleepcap, but do no damage.
The sleepcap is heavily damaged.
The sleepcap barely misses you. x2
You hit the sleepcap but do no damage.
The sleepcap is heavily damaged.
The sleepcap releases spores at you.
You hit the sleepcap but do no damage.
The sleepcap is heavily damaged.
The sleepcap closely misses you.
You hit the sleepcap. You bite the sleepcap.
The sleepcap is severely damaged.
The sleepcap closely misses you.
You hit the sleepcap but do no damage.
The sleepcap is severely damaged.
The sleepcap releases spores at you.
You hit the sleepcap.
The sleepcap is severely damaged.
The sleepcap releases spores at you.
You hit the sleepcap.
The sleepcap is severely damaged.
The sleepcap releases spores at you.
You hit the sleepcap.
The sleepcap is almost destroyed.
The sleepcap releases spores at you!
* * * LOW HITPOINT WARNING * * *
You hit the sleepcap but do no damage. You bite the sleepcap.
The sleepcap is almost destroyed.
The sleepcap releases spores at you but does no damage.
You hit the sleepcap but do no damage.
The sleepcap is almost destroyed.
The sleepcap releases spores at you.
* * * LOW HITPOINT WARNING * * *
You hit the sleepcap but do no damage.
You bite the sleepcap, but do no damage.
The sleepcap is almost destroyed.
The sleepcap releases spores at you.
You die...

.............#
#............# .©
#..........### ..
#..........# ##. .
#######.#### #.. .. #.#
#.# ... #)##########.#
.... #).........#.##.....
###.........@fw...>###
#####............#........
..........######.#...#####
#####.....# #.#.#.#
#.....# #.#.#.# #.....#
#.#[# # #.....# #.#?#
#.....# #.#.# #.....#
#.#.#


You could see a sleepcap and a dart slug.

Vanquished Creatures
  A black bear (D:5)
  An ogre (D:5)
  3 orc priests
  A sleepcap (D:5)
  Jessica (D:2)
  An iguana (D:4)
  5 orc wizards
  2 adders
  8 gnolls
  A white imp (D:3)
  2 worms (D:2)
  3 dart slugs
  14 orcs
  4 ball pythons
  8 endoplasms
  3 giant cockroaches
  8 goblins
  7 hobgoblins
  4 jackals (D:5)
  3 quokkas
  5 bats
  3 frilled lizards
  3 kobolds
  7 rats
98 creatures vanquished.

Notes
Turn   | Place    | Note
-------+----------+-------------------------------------------
     0 | D:1      | Ayyar the Gnoll Warper began the quest for the Orb.
     0 | D:1      | Reached XP level 1. HP: 20/20 MP: 6/6
   245 | D:1      | Reached XP level 2. HP: 24/26 MP: 7/7
  1001 | D:2      | Reached skill level 5 in Spellcasting
  1001 | D:2      | Reached XP level 3. HP: 31/31 MP: 7/9
  1063 | D:1      | Reached skill level 1 in Invocations
  1128 | D:2      | Noticed Jessica
  1240 | D:2      | Killed Jessica
  1241 | D:2      | Reached skill level 1 in Short Blades
  1241 | D:2      | Reached skill level 1 in Long Blades
  1241 | D:2      | Reached skill level 1 in Axes
  1241 | D:2      | Reached skill level 1 in Maces & Flails
  1241 | D:2      | Reached skill level 1 in Staves
  1241 | D:2      | Reached skill level 1 in Ranged Weapons
  1241 | D:2      | Reached skill level 1 in Stealth
  1241 | D:2      | Reached skill level 1 in Shields
  1241 | D:2      | Reached skill level 1 in Unarmed Combat
  1241 | D:2      | Reached skill level 1 in Evocations
  1241 | D:2      | Reached XP level 4. HP: 32/38 MP: 11/11
  1469 | D:1      | Reached skill level 1 in Conjurations
  1469 | D:1      | Reached skill level 1 in Hexes
  1469 | D:1      | Reached skill level 1 in Summonings
  1469 | D:1      | Reached skill level 1 in Necromancy
  1469 | D:1      | Reached skill level 1 in Transmutations
  1469 | D:1      | Reached skill level 1 in Fire Magic
  1469 | D:1      | Reached skill level 1 in Ice Magic
  1469 | D:1      | Reached skill level 1 in Air Magic
  1469 | D:1      | Reached skill level 1 in Earth Magic
  1469 | D:1      | Reached skill level 1 in Poison Magic
  1882 | D:2      | Found a bloodstained altar of Trog.
  1939 | D:2      | Reached XP level 5. HP: 43/43 MP: 12/12
  2186 | D:3      | Found a shimmering blue altar of Sif Muna.
  2252 | D:3      | Got Sif Muna's Cyclopedia of Damage
  2254 | D:3      | Became a worshipper of Sif Muna the Loreminder
  2259 | D:3      | Found a bloodstained altar of Trog.
  2366 | D:3      | Found Rux Vukeceg's Jewellery Shop.
  2401 | D:3      | Reached XP level 6. HP: 20/50 MP: 14/14
  2427 | D:3      | Reached skill level 5 in Fighting
  2427 | D:3      | Reached skill level 5 in Polearms
  2427 | D:3      | Reached skill level 5 in Dodging
  2919 | D:3      | You fall into a shaft and drop 2 floors!
  2919 | D:5      | Entered Level 5 of the Dungeon
  2920 | D:5      | Noticed a black bear
  3151 | D:3      | Reached * piety under Sif Muna
  3426 | D:4      | Found a sacrificial altar of Ru.
  3602 | D:4      | Found an ancient bone altar of Kikubaaqudgha.
  3924 | D:4      | Learned a level 1 spell: Summon Small Mammal
  3928 | D:4      | Learned a level 3 spell: Teleport Other
  3987 | D:5      | Reached XP level 7. HP: 46/56 MP: 15/15
  4046 | D:5      | Found a snail-covered altar of Cheibriados.
  4114 | D:5      | Found Rixkotze's Assorted Antiques.
  4325 | D:5      | Slain by a sleepcap

Illustrated notes

Levels and vault maps discovered:
D:1:      dpeg_arrival_castle, layout_loops_corners
D:2:      layout_rooms, basic_altar, uniq_jessica
D:3:      layout_loops_ring, nzn_overflow_gifts_of_might_and_magic,
          serial_shops, nicolae_shop_tiny_waterfront, minivault_27
D:4:      layout_gridville, nicolae_ru_the_path_less_chosen,
          mainiacjoe_overflow_catwalk, kennysheep_generic_room_11
D:5:      layout_basic, nicolae_gozag_cash_rules_everything_around_me,
          mainiacjoe_overflow_concentric_impassable, serial_shops,
          nicolae_shop_trees, kennysheep_little_box, nicolae_shop_rolled_up,
          nicolae_shop_drivethru, shop

Skill      XL: |  1  2  3  4  5  6  7 |
---------------+----------------------+-----
Spellcasting   | 5 |  5.7
Invocations    | 1 2 3 |  3.0
Short Blades   | 1 2 |  2.7
Long Blades    | 1 2 |  2.7
Axes           | 1 2 |  2.7
Maces & Flails | 1 2 |  2.7
Staves         | 1 2 |  2.7
Ranged Weapons | 1 2 |  2.7
Stealth        | 1 2 |  2.7
Shields        | 1 2 |  2.7
Unarmed Combat | 1 2 |  2.7
Evocations     | 1 2 |  2.7
Conjurations   | 1 2 |  2.2
Hexes          | 1 2 |  2.2
Summonings     | 1 2 |  2.2
Necromancy     | 1 2 |  2.2
Transmutations | 1 2 |  2.2
Fire Magic     | 1 2 |  2.2
Ice Magic      | 1 2 |  2.2
Air Magic      | 1 2 |  2.2
Earth Magic    | 1 2 |  2.2
Poison Magic   | 1 2 |  2.2
Throwing       | 3 |  3.8
Armour         | 3 |  3.8
Fighting       | 5 |  5.3
Polearms       | 5 |  5.3
Dodging        | 5 |  5.3
Translocations | |  5.9

Action                     |  1- 3 |  4- 6 |  7- 9 || total
---------------------------+-------+-------+-------++-------
  Melee: Spear             |   112 |    85 |       ||   197
         Bite              |     8 |    19 |     8 ||    35
         Punch             |     1 |     3 |     1 ||     5
         Trident           |       |   178 |    77 ||   255
  Throw: Boomerang         |       |    54 |    13 ||    67
    Use: Potion            |       |     1 |       ||     1
 Armour: Scale mail        |    30 |    51 |       ||    81
         Skin              |       |    28 |       ||    28
         Fire dragon scale |       |    11 |    53 ||    64
  Dodge: Dodged            |    27 |   101 |    45 ||   173

Table legend: (Time is in decaauts)
 A = Elapsed time spent in this place.
 B = Non-inter-level travel time spent in this place.
 C = Inter-level travel time spent in this place.
 D = Time resting spent in this place.
 E = Time spent auto-exploring this place.
 F = Levels seen in this place.
 G = Mean time per level.
                   A        B        C        D        E       F      G
               +--------+--------+--------+--------+--------+-----+--------+
         Total |   4341 |   4225 |    116 |    740 |   2307 |   5 |  868.2 |
       Dungeon |   4341 |   4225 |    116 |    740 |   2307 |   5 |  868.2 |
               +--------+--------+--------+--------+--------+-----+--------+

Top non-repeatable levels by time:
     D:1: 1357 daAuts
     D:3: 1025 daAuts
     D:4: 763 daAuts
     D:2: 754 daAuts
     D:5: 440 daAuts
